 Dungeon Crawl Stone Soup version 0.31-a0-799-g6bc09d010c (webtiles) character file.

Game seed: 13934341135439254033

171 cforsyth the Sneak (level 5, -5/41 HPs)
             Began as a Djinni Delver on Sept 20, 2023.
             Killed by an exploding sky beast (7 damage)
             ... ignited by their inner flame
             ... on level 6 of the Dungeon.
             The game lasted 00:07:19 (2247 turns).

cforsyth the Sneak (Djinni Delver)                  Turns: 2247, Time: 00:07:19

Health: -5/41      AC:  3    Str: 11    XL:     5   Next: 81%
Gold:   63         EV: 12    Int: 13    God:
                   SH:  0    Dex: 15

rFire   + + .        a - +0 falchion (vamp)
rCold   x . .        (no shield)
rNeg    . . .        b - +0 leather armour
rPois   ∞            (no helmet)
rElec   .            (no cloak)
rCorr   .            (no gloves)
SInv    .            (boots unavailable)
Will    .....        (no amulet)
Stlth   ++           (no ring)
HPRegen 0.26/turn    (no ring)
MPRegen 0.00/turn

%: infuse magic (-6 HP)
@: silenced, flying
A: sickness immunity, fire resistance 2, cold vulnerability 1, float, innate
caster, HP casting, extra vitality 1
a: no special abilities


You were on level 6 of the Dungeon.
You visited 1 branch of the dungeon, and saw 3 of its levels.
You also visited: Sewer.

You collected 63 gold pieces.

Inventory:

Hand Weapons
 a - a +0 vampiric falchion (weapon)
Armour
 b - a +0 leather armour (worn)
Wands
 d - a wand of charming (8)
 g - a wand of digging (3)
Scrolls
 c - 2 scrolls of fog
 e - a scroll of fear
 m - a scroll of enchant armour {unknown}
 n - a scroll of identify
 o - a scroll of revelation
Potions
 f - 2 potions of haste
 i - 3 potions of magic
 j - a potion of mutation
 k - a potion of brilliance {unknown}
 l - 2 potions of might
 q - a potion of heal wounds {unknown}
 u - a potion of ambrosia {unknown}


   Skills:
 + Level 3.9 Fighting
 + Level 2.9 Long Blades
 + Level 3.5 Dodging
 + Level 4.7 Stealth


You knew the following spells:

 Your Spells              Type           Power      Damage    Failure   Level
a - Summon Small Mammal   Summ           0%         N/A       38%         1
b - Jinxbite              Hex            0%         N/A       52%         2
Your spell library was empty.

Dungeon Overview and Level Annotations

Branches:
Dungeon (6/15)              Sewer (visited)
 Temple: D:4-7

Altars:
Nemelex Xobeh

Annotations:
D:4 Blork the orc
D:6 Edmund


Innate Abilities, Weirdness & Mutations

You are immune to sickness and miasma.
You are immune to poison.
Your flesh is very heat resistant. (rF++)
You are vulnerable to cold. (rC-)
You float through the air rather than walking.
You learn spells naturally, not from books.
Your magical power is your life essence.
You have superior vitality. (+4 MHP)


Message History

You hear a loud clanging noise!
It was a scroll of noise.
You hear an angry growl.
You hear a shout! x2; You hear an angry hiss.
You hear a shout! x8
The sky beast completely misses you.
As you read the scroll labelled PICUCUMAKK, it crumbles to dust.
It is a scroll of amnesia.
You feel forgetful for a moment.
The sky beast hits you but does no damage.
As you read the scroll labelled XAMUT INUODD, it crumbles to dust.
The creatures around you are filled with an inner flame!
It was a scroll of immolation.
The sky beast barely misses you.
An iguana comes into view.
As you read the scroll labelled YFUTEU KOHAN, it crumbles to dust.
It is a scroll of brand weapon.
Your +0 falchion thirsts for the lives of mortals!
a - a +0 vampiric falchion (weapon)
Edmund says, "I'm quite good with sums, too."
The sky beast flickers out of sight!
Deactivating autopickup; reactivate with Ctrl-A.
Something hits you but does no damage.
As you read the scroll labelled BYTIFI YDOTISO, it crumbles to dust.
A profound silence engulfs you.
It was a scroll of silence.
Something hits you. Something shocks you.
You hit something but do no damage. Something hits you but does no damage.
You hit something.
Flame seeps out of something.
You feel better.
Flame seeps out of something.
Something hits you. Something shocks you.
* * * LOW HITPOINT WARNING * * *
You barely miss something.
Flame seeps out of something.
Something hits you.
* * * LOW HITPOINT WARNING * * *
Something shocks you.
* * * LOW HITPOINT WARNING * * *
You hit something.
Reactivating autopickup.
You feel a bit more experienced.
The sky beast explodes!
The fiery explosion engulfs the iguana!!
You kill the iguana!
The fiery explosion engulfs you! You resist.
You die...

... # #h. ..
#.### #.
#.#..
.)###....
....#h# .
#..#§# ...
#.<#°#
O....#.##@#
........@..#
@...###.####
## ...#
#####


You could see Edmund and a black bear (unsilenced).

Vanquished Creatures
  A sky beast (D:6)
  A phantom (D:5)
  A hound (D:5)
  An iguana (D:6)
  2 adders (D:4)
  An ufetubus (D:5)
  An orc (D:4)
  3 bats (Sewer)
  3 endoplasms (D:4)
  2 giant cockroaches (D:4)
  A goblin (D:4)
  4 hobgoblins (D:4)
  15 kobolds
  5 quokkas
  6 ball pythons
  3 rats (Sewer)
50 creatures vanquished.

Notes
Turn   | Place    | Note
-------+----------+-------------------------------------------
     0 | D:5      | cforsyth the Djinni Delver began the quest for the Orb.
     0 | D:5      | Reached XP level 1. HP: 20/20 MP: 0/0
    47 | D:4      | Reached XP level 2. HP: 25/25 MP: 0/0
   150 | D:4      | Reached XP level 3. HP: 11/30 MP: 0/0
   150 | D:4      | Learned a level 1 spell: Summon Small Mammal
   158 | D:4      | Found a sparkling altar of Nemelex Xobeh.
   238 | D:4      | Found a glowing drain.
   294 | Sewer    | Entered a sewer
   599 | Sewer    | Reached XP level 4. HP: 20/35 MP: 0/0
  1177 | D:4      | Noticed Blork the orc
  1248 | D:5      | Noticed a phantom
  1292 | D:5      | Noticed a centaur
  1668 | D:5      | Reached XP level 5. HP: 5/41 MP: 0/0
  1668 | D:5      | Learned a level 2 spell: Jinxbite
  1826 | D:5      | Noticed an ogre
  1931 | D:5      | Noticed an ice beast
  1981 | D:5      | Killed a phantom
  2233 | D:6      | Noticed a black bear
  2234 | D:6      | Noticed Edmund
  2235 | D:6      | Noticed an ogre
  2236 | D:6      | Noticed a sky beast
  2246 | D:6      | HP: 2/41 [something (5)]
  2247 | D:6      | Killed a sky beast
  2247 | D:6      | Killed by an exploding sky beast... ignited by their inner
                  | flame

Illustrated notes

Levels and vault maps discovered:
D:4:      layout_cave_pools, lemuel_round_altar, gup_sewer_entry_pipe,
          uniq_ijyb, uniq_blork_the_orc
D:5:      kennysheep_spiral_hall, layout_basic, chequers_hall_statues_corner_a
D:6:      layout_basic, mainiacjoe_overflow_small_starburst, uniq_edmund,
          uniq_pikel, uniq_prince_ribbit1

Skill      XL: |  1  2  3  4 |
---------------+-------------+-----
Long Blades    | 2 |  2.9
Dodging        | 3 |  3.5
Fighting       | |  3.9
Stealth        | |  4.7

Action                     |  1- 3 |  4- 6 || total
---------------------------+-------+-------++-------
  Melee: Falchion          |   123 |    73 ||   196
         Punch             |     1 |       ||     1
   Cast: Summon Small Mamm |       |     1 ||     1
         Jinxbite          |       |     1 ||     1
    Use: Scroll            |     1 |     6 ||     7
         Potion            |       |     3 ||     3
   Stab: Sleeping          |     5 |     1 ||     6
 Armour: Leather armour    |    89 |    67 ||   156
         Skin              |       |     5 ||     5
  Dodge: Dodged            |   119 |    57 ||   176

Table legend: (Time is in decaauts)
 A = Elapsed time spent in this place.
 B = Non-inter-level travel time spent in this place.
 C = Inter-level travel time spent in this place.
 D = Time resting spent in this place.
 E = Time spent auto-exploring this place.
 F = Levels seen in this place.
 G = Mean time per level.
                   A        B        C        D        E       F      G
               +--------+--------+--------+--------+--------+-----+--------+
         Total |   2286 |   2257 |     29 |    618 |    606 |   4 |  571.5 |
       Dungeon |   1823 |   1794 |     29 |    569 |    438 |   3 |  607.7 |
         Sewer |    463 |    463 |      0 |     49 |    168 |   1 |  463.0 |
               +--------+--------+--------+--------+--------+-----+--------+

Top non-repeatable levels by time:
     D:4: 1126 daAuts
     D:5: 683 daAuts
   Sewer: 463 daAuts
     D:6: 14 daAuts
